 Dungeon Sprint DCSS version 0.28.0-43-g3370ac3207 (webtiles) character file.

Game seed: 10722349502318649506

1246 boopmooplesden the Carver (level 8, -1/86 HPs)
             Began as a Minotaur Berserker on Mar 27, 2022.
             Was an Elder of Trog.
             Slain by a centaur warrior (2 damage)
             ... in the Dungeon (Sprint I: "Red Sonja").
             The game lasted 00:01:27 (940 turns).

boopmooplesden the Carver (Minotaur Berserker)       Turns: 940, Time: 00:01:28

Health: -1/86      AC:  4    Str: 23    XL:     8   Next: 25%
Magic:  7/7        EV: 14    Int:  4    God:    Trog [****..]
Gold:   415        SH:  0    Dex: 11    Spells: 7/7 levels left

rFire   . . .      SeeInvis .   a - +0 falchion
rCold   . . .      Faith    .   (no shield)
rNeg    . . .      Spirit   .   j - +0 leather armour
rPois   .          Reflect  .   (helmet restricted)
rElec   .          Harm     .   (no cloak)
rCorr   .          Rampage  .   (no gloves)
Will    .....      NoTele   +   (no boots)
Stlth   +.........              (no amulet)
HPRegen 0.24/turn               (no ring)
MPRegen 0.10/turn               (no ring)

@: on berserk cooldown, slowed, very slow
A: horns 2, retaliatory headbutt
a: Renounce Religion, Berserk, Trog's Hand, Brothers in Arms


You were in the Dungeon.
You worshipped Trog.
Trog was greatly pleased with you.
You visited 1 branch You collected 415 gold pieces.

Inventory:

Hand Weapons
 a - a +0 falchion (weapon)
 k - a +2 scythe of venom
Armour
 b - a +0 animal skin
 j - a +0 leather armour (worn)
Wands
 i - a wand of flame (9)
Scrolls
 h - a scroll of blinking
 l - a scroll of immolation
Potions
 c - a potion of curing
 d - a potion of heal wounds
 e - a potion of haste
 f - 2 potions of magic
 g - a potion of berserk rage


   Skills:
 + Level 13.0 Fighting
 + Level 14.6 Long Blades
 + Level 7.9 Armour
 + Level 6.9 Dodging
 + Level 1.8 Stealth


You had 7 spell levels left.
You didn't know any spells.
Your spell library was empty.

Dungeon Overview and Level Annotations

Branches:
Dungeon (1/1)

Altars:
Cheibriados
Dithmenos
Elyvilon
Fedhas
Gozag
Hepliaklqana
Kikubaaqudgha
Makhleb
Nemelex Xobeh
Okawaru
Qazlal
Ru
Sif Muna
Trog
Uskayaw
Vehumet
Wu Jian
Xom
Yredelemnul
Zin
The Shining One
Jiyva
Lugonu

Shops:
D (


Innate Abilities, Weirdness & Mutations

You have a pair of horns on your head.
You reflexively headbutt those who attack you in melee.


Message History

The centaur warrior shoots an arrow.
The arrow hits you.
The centaur warrior wields a +0 shortbow.
The centaur warrior shoots an arrow.
The arrow hits you!
The centaur warrior unwields a +0 shortbow.
The centaur warrior hits you.
The centaur warrior completely misses you.
The centaur warrior shoots an arrow.
The arrow hits you!!
You slash the centaur warrior! You headbutt the centaur warrior!
The centaur warrior is moderately wounded.
The centaur warrior hits you. The centaur warrior kicks you.
You slash the centaur warrior!
The centaur warrior is heavily wounded.
The centaur warrior shoots an arrow.
The arrow misses you.
You hit the centaur warrior. You headbutt the centaur warrior.
The centaur warrior is severely wounded.
The centaur warrior hits you. The centaur warrior kicks you.
The centaur warrior shoots an arrow.
The arrow hits you!!
You barely miss the centaur warrior.
Your headbutt misses the centaur warrior.
The centaur warrior is heavily wounded.
The centaur warrior hits you.
The centaur warrior kicks you but does no damage.
You slash the centaur warrior!
The centaur warrior is severely wounded.
The centaur warrior shoots an arrow.
The arrow barely misses you.
You closely miss the centaur warrior.
The centaur warrior is severely wounded.
The centaur warrior hits you! The centaur warrior closely misses you.
You are no longer berserk.
You are exhausted.
You feel yourself slow down.
The centaur warrior unwields a +0 shortbow.
The centaur warrior hits you!
* * * LOW HITPOINT WARNING * * *
The centaur warrior kicks you.
* * * LOW HITPOINT WARNING * * *
The centaur warrior hits you!
* * * LOW HITPOINT WARNING * * *
The centaur warrior kicks you.
You die...

######################
..').#..'..#__#..')..#
..#..'[.#..'..'..#)..#
####'#####'#__####...+
###..#...#.####§§#####
__####..##.#≈§≈§c#
_____##'#_.'§§§§@+
_.∩..†'..._#§§≈§c#
_..__##_.#'##+####
_____###+#.# ######
###


You could see 2 centaur warriors.

Vanquished Creatures
  2 kobold demonologists (D)
  A slime creature (D)
  Sigmund (D)
  A yak (D)
  A floating eye (D)
  An ogre (D)
  A jelly (D)
  Ijyb (D)
9 creatures vanquished.

Notes
Turn   | Place    | Note
-------+----------+-------------------------------------------
     0 | D        | boopmooplesden the Minotaur Berserker began the quest for
                  | the Orb.
     0 | D        | Reached XP level 1. HP: 19/19 MP: 0/0
     1 | D        | Noticed Ijyb
    11 | D        | Killed Ijyb
    12 | D        | Reached skill level 5 in Fighting
    12 | D        | Reached skill level 5 in Long Blades
    12 | D        | Reached XP level 2. HP: 21/29 MP: 1/1
   170 | D        | Noticed an ogre
   173 | D        | Killed an ogre
   174 | D        | Reached skill level 8 in Long Blades
   174 | D        | Reached XP level 3. HP: 38/40 MP: 2/2
   174 | D        | Reached XP level 4. HP: 46/48 MP: 3/3
   276 | D        | Noticed Sigmund
   279 | D        | Killed Sigmund
   279 | D        | Reached ** piety under Trog
   280 | D        | Reached skill level 10 in Long Blades
   280 | D        | Reached skill level 5 in Armour
   280 | D        | Reached XP level 5. HP: 57/57 MP: 4/4
   508 | D        | Found a burning altar of Makhleb.
   508 | D        | Found a viscous altar of Jiyva.
   508 | D        | Found a shimmering altar of Xom.
   508 | D        | Found a corrupted altar of Lugonu.
   508 | D        | Noticed a slime creature
   513 | D        | Killed a slime creature
   514 | D        | Reached skill level 10 in Fighting
   514 | D        | Reached skill level 11 in Long Blades
   514 | D        | Reached skill level 5 in Dodging
   514 | D        | Reached skill level 1 in Stealth
   514 | D        | Reached XP level 6. HP: 55/67 MP: 5/5
   740 | D        | Noticed a kobold demonologist
   742 | D        | Noticed a floating eye
   742 | D        | Noticed a kobold demonologist
   744 | D        | Paralysed by a floating eye for 2 turns
   747 | D        | Killed a floating eye
   748 | D        | Reached skill level 12 in Long Blades
   748 | D        | Reached XP level 7. HP: 74/74 MP: 6/6
   748 | D        | Noticed an orange demon
   750 | D        | Killed a kobold demonologist
   750 | D        | Reached *** piety under Trog
   751 | D        | Reached skill level 13 in Long Blades
   753 | D        | Killed a kobold demonologist
   754 | D        | Reached skill level 14 in Long Blades
   754 | D        | Reached XP level 8. HP: 85/85 MP: 7/7
   765 | D        | Found an ornate altar of the Wu Jian Council.
   765 | D        | Found a shimmering blue altar of Sif Muna.
   767 | D        | Found a radiant altar of Vehumet.
   799 | D        | Found Zyinkiv's Weapon Emporium.
   799 | D        | Found an ancient bone altar of Kikubaaqudgha.
   799 | D        | Found a hazy altar of Hepliaklqana.
   799 | D        | Found a hide-covered altar of Uskayaw.
   799 | D        | Found a basalt altar of Yredelemnul.
   799 | D        | Found an opulent altar of Gozag.
   799 | D        | Found a snail-covered altar of Cheibriados.
   799 | D        | Found a sacrificial altar of Ru.
   799 | D        | Found a shadowy altar of Dithmenos.
   800 | D        | Found a stormy altar of Qazlal.
   800 | D        | Found a blossoming altar of Fedhas.
   800 | D        | Found a bloodstained altar of Trog.
   800 | D        | Found an iron altar of Okawaru.
   800 | D        | Found a glowing golden altar of the Shining One.
   800 | D        | Found a glowing silver altar of Zin.
   800 | D        | Found a white marble altar of Elyvilon.
   804 | D        | Reached **** piety under Trog
   805 | D        | Found a sparkling altar of Nemelex Xobeh.
   927 | D        | Noticed a centaur warrior
   929 | D        | Noticed a centaur warrior
   940 | D        | HP: 1/86 [centaur warrior (9)]
   940 | D        | Slain by a centaur warrior

Illustrated notes

Levels and vault maps discovered:
D:        dungeon_sprint_1 [red_sonja_temple_1, red_sonja_temple_small_1]

Skill      XL: |  1  2  3  4  5  6  7  8 |
---------------+-------------------------+-----
Fighting       | 5 7 9 10 11 12 13 | 13.0
Long Blades    | 5 8 10 11 12 14 | 14.6
Armour         | 3 4 5 6 7 |  7.9
Dodging        | 3 4 5 6 |  6.9
Stealth        | 1 |  1.8

Action                   |  1- 3 |  4- 6 |  7- 9 || total
-------------------------+-------+-------+-------++-------
Melee: Falchion          |    12 |     8 |    18 ||    38
       Headbutt          |     1 |     3 |     7 ||    11
Invok: Berserk           |     2 |     3 |     1 ||     6
  Use: Scroll            |       |       |     1 ||     1
 Stab: Sleeping          |       |       |     1 ||     1
Armor: Leather armour    |       |       |     3 ||     3
Dodge: Dodged            |     3 |     1 |     6 ||    10
